 Dungeon Crawl Stone Soup version 0.25.1-2-g60ff931df9 (webtiles) character file.

Game seed: 5893172679875537074

472 Elvor the Cudgeler (level 7, -9/44 HPs)
             Began as a Gargoyle Fighter on Sept 23, 2020.
             Mangled by a two-headed ogre
             ... wielding a +0 giant club
              (16 damage)
             ... on level 6 of the Dungeon.
             The game lasted 00:37:01 (4323 turns).

Elvor the Cudgeler (Gargoyle Fighter)               Turns: 4323, Time: 00:37:02

Health: -9/44      AC: 20    Str: 21    XL:     7   Next: 9%
Magic:  7/7        EV:  4    Int: 15    God:
Gold:   42         SH:  9    Dex:  5    Spells: 6/6 levels left

rFire    . . .     SeeInvis .   a - +0 flail
rCold    . . .     Gourm    .   c - +0 kite shield
rNeg     + . .     Faith    .   l - +0 plate armour
rPois    ∞         Spirit   .   (no helmet)
rElec    +         Reflect  .   k - +0 cloak
rCorr    .         Harm     .   j - +2 pair of gloves "Ireuwn" {rElec rPois Dex-4}
MR       .....                  (no boots)
Stlth    ..........             (no amulet)
HPRegen  0.14/turn              r - +6 ring of intelligence
MPRegen  0.10/turn              p - ring of stealth

@: no status effects
A: negative energy resistance 1, electricity resistance, unbreathing,
petrification resistance, rot immunity, AC +4
a: no special abilities


You were on level 6 of the Dungeon.
You were not hungry.

You visited 2 branches of the dungeon, and saw 7 of its levels.

You collected 203 gold pieces.
You spent 161 gold pieces at shops.

Inventory:

Hand Weapons
 a - a +0 flail (weapon)
Missiles
 g - 8 javelins
 h - 3 curare-tipped darts
 i - a boomerang
 w - 14 poisoned darts (quivered)
Armour
 c - a +0 kite shield (worn)
 j - the +2 pair of gloves "Ireuwn" (worn) {rElec rPois Dex-4}
   (You bought it in a shop on level 4 of the Dungeon)

   It affects your dexterity (-4).
   It insulates you from electricity.
   It protects you from poison.
 k - a +0 cloak (worn)
 l - a +0 plate armour (worn)
Jewellery
 p - a ring of stealth (right hand)
 r - a +6 ring of intelligence (left hand)
Wands
 b - a wand of random effects (9)
 t - a wand of paralysis (4)
 v - a wand of digging (4)
Scrolls
 n - a scroll of magic mapping
 q - 3 scrolls of teleportation
 s - 2 scrolls of enchant armour
Potions
 d - 3 potions of might
 e - a potion of stabbing
 o - 3 potions of lignification
 u - 2 potions of curing
Comestibles
 f - 3 rations


   Skills:
 + Level 4.4 Fighting
 * Level 5.1 Maces & Flails
 + Level 1.9 Throwing
 + Level 3.9 Armour
 + Level 0.8 Dodging
 - Level 0.2 Stealth
 + Level 4.6 Shields


You had 6 spell levels left.
You didn't know any spells.
Your spell library was empty.

Dungeon Overview and Level Annotations

Branches:
Dungeon (6/15)             Temple (1/1) D:5

Altars:
Ashenzari
Cheibriados
Dithmenos
Elyvilon
Fedhas
Gozag
Hepliaklqana
Kikubaaqudgha
Makhleb
Nemelex Xobeh
Qazlal
Ru
Sif Muna
Trog
Uskayaw
Vehumet
Wu Jian
Xom
Zin
The Shining One

Shops:
D:4 ([(


Innate Abilities, Weirdness & Mutations

You are resistant to torment.
Your stone body is resilient. (AC +4)
You are immune to poison.
You resist negative energy. (rN+)
You are resistant to electric shocks. (rElec)
You can survive without breathing.
You are immune to petrification.
You are immune to rotting.


Message History

You hit the hound.
The hound is moderately wounded.
The jackal stops to sniff the ground.
The hound bites you but does no damage. You block the hound's attack.
The two-headed ogre hits you with a +0 giant club.
* * * LOW HITPOINT WARNING * * *
The two-headed ogre hits you with a +0 giant spiked club.
* * * LOW HITPOINT WARNING * * *
You barely miss the hound.
The hound is moderately wounded.
The hound bites you but does no damage. x2
The two-headed ogre hits you with a +0 giant club.
* * * LOW HITPOINT WARNING * * *
You block the two-headed ogre's attack.
Unknown command.
You barely miss the hound.
The hound is moderately wounded.
The hound barely misses you. The two-headed ogre barely misses you.
The two-headed ogre hits you with a +0 giant spiked club!
You die...

........ #.#.....#
#.......###.#
#.........# #<#
#+# #.# #.# #.#
#.# #h# ##.## #@#
###...## #O#
.......# #h#
......##########.#
...........hO....#
......############
....### #####


You could see a two-headed ogre, a hound and a jackal.

Vanquished Creatures
  A scorpion (D:4)
  A crimson imp (D:5)
  A hound (D:4)
  An orc priest (D:3)
  Ijyb (D:5)
  An orc wizard (D:2)
  4 worker ants
  A hound zombie (D:5)
  6 adders
  An adder zombie (D:5)
  3 worms
  A dart slug (D:4)
  5 leopard geckos
  10 orcs
  8 bats
  5 giant cockroaches
  7 goblins
  7 hobgoblins
  11 jackals
  3 quokkas
  2 ball pythons
  6 frilled lizards
  A jackal zombie (D:6)
  5 kobolds
  4 rats
96 creatures vanquished.

Notes
Turn   | Place    | Note
-------+----------+-------------------------------------------
     0 | D:1      | Elvor the Gargoyle Fighter began the quest for the Orb.
     0 | D:1      | Reached XP level 1. HP: 14/14 MP: 1/1
   254 | D:1      | Reached XP level 2. HP: 16/19 MP: 2/2
   978 | D:2      | Reached XP level 3. HP: 23/23 MP: 3/3
  1623 | D:3      | Reached skill level 3 in Maces & Flails
  1646 | D:3      | Found a hazy altar of Hepliaklqana.
  1646 | D:3      | Found a shimmering blue altar of Sif Muna.
  1647 | D:3      | Found a shattered altar of Ashenzari.
  1691 | D:2      | Reached XP level 4. HP: 28/28 MP: 4/4
  1794 | D:3      | Reached XP level 5. HP: 32/32 MP: 5/5
  2260 | D:3      | Reached skill level 4 in Maces & Flails
  2424 | D:4      | Found Viprec's Antique Weapon Shop.
  2523 | D:4      | Reached XP level 6. HP: 33/38 MP: 6/6
  2592 | D:4      | Found Zuqu's Antique Armour Boutique.
  2687 | D:4      | Found Lumorghuh's Antique Weapon Shoppe.
  3154 | D:5      | Entered Level 5 of the Dungeon
  3261 | D:5      | Found a bloodstained altar of Trog.
  3317 | D:5      | Reached skill level 5 in Maces & Flails
  3319 | D:5      | Found a hide-covered altar of Uskayaw.
  3595 | D:5      | Found a staircase to the Ecumenical Temple.
  3625 | Temple   | Entered the Ecumenical Temple
  3829 | D:4      | Bought a pair of slimy gloves for 161 gold pieces
  3834 | D:4      | Identified the +2 pair of gloves "Ireuwn" {rElec rPois
                  | Dex-4} (You bought it in a shop on level 4 of the Dungeon)
  3943 | D:5      | Noticed Ijyb
  3953 | D:5      | Killed Ijyb
  3953 | D:5      | Reached skill level 1 in Throwing
  4027 | D:5      | Reached XP level 7. HP: 44/44 MP: 7/7
  4235 | D:6      | Noticed a two-headed ogre
  4323 | D:6      | Mangled by a two-headed ogre

Illustrated notes

Levels and vault maps discovered:
D:1:      psy_arrival_statuary, layout_loops_corners, minmay_misc_feat_iff
D:2:      layout_loops_ring
D:3:      layout_basic, chequers_temple_overflow_statue_of_worship
D:4:      layout_basic, serial_shops, shop, kennysheep_little_box,
          nicolae_shop_crystal
D:5:      layout_rooms, old_standard_altar, bloody_trog,
          minmay_temple_entry_waves, first_ration, uniq_ijyb
D:6:      layout_loops_corners, yredelemnul_forgotten_temple_becter,
          minmay_chambers_of_fives
Temple:   regret_index_temple_waves

Skill      XL: |  1  2  3  4  5  6 |
---------------+-------------------+-----
Maces & Flails | 3 4 5 |  5.1
Shields        | 4 |  4.6
Fighting       | 4 |  4.4
Throwing       | 1 |  1.9
Armour         | |  3.9
Dodging        | |  0.8
Stealth        | |  0.2

Action                   |  1- 3 |  4- 6 |  7- 9 || total
-------------------------+-------+-------+-------++-------
Melee: Flail             |   176 |   350 |    38 ||   564
Throw: Dart              |     4 |    45 |     9 ||    58
       Boomerang         |       |    10 |       ||    10
       Javelin           |       |     2 |       ||     2
Evoke: Wand              |       |     3 |       ||     3
  Use: Scroll            |       |    10 |       ||    10
  Eat: Chunk             |     3 |     6 |       ||     9
       Ration            |       |     1 |       ||     1
Armor: Scale mail        |    72 |       |       ||    72
       Plate armour      |    44 |   246 |    32 ||   322
Dodge: Dodged            |    52 |    55 |    10 ||   117
Block: Kite shield       |    95 |   173 |    16 ||   284
